 Dungeon Crawl Stone Soup version 0.28-a0-313-gbc0475efdd (webtiles) character file.

Game seed: 5798669483942253829

3095 Demosthentine the Spear-Bearer (level 9, -2/73 HPs)
             Began as a Merfolk Gladiator on Sept 1, 2021.
             Was a Believer of Zin.
             Slain by Erica (18 damage)
             ... on level 7 of the Dungeon.
             The game lasted 00:07:27 (6961 turns).

Demosthentine the Spear-Bearer (Merfolk Gladiator)  Turns: 6961, Time: 00:07:28

Health: -2/73      AC:  0    Str: 16    XL:     9   Next: 90%
Magic:  9/9        EV: 29    Int:  7    God:    Zin [**....]
Gold:   265        SH:  0    Dex: 22    Spells: 8/8 levels left

rFire   . . .      SeeInvis .   (weapon currently unavailable)
rCold   . . .      Faith    .   (shield currently unavailable)
rNeg    . . .      Spirit   .   (armour currently unavailable)
rPois   .          Reflect  .   (helmet currently unavailable)
rElec   .          Harm     .   (cloak currently unavailable)
rCorr   .          Rampage  .   (gloves currently unavailable)
Will    .....                   (boots currently unavailable)
Stlth   ++........              j - amulet of regeneration
HPRegen 1.22/turn               (ring currently unavailable)
MPRegen 0.11/turn               (ring currently unavailable)

@: bat-form, flying, very quick
A: fast, flying, no casting, tiny, (nimble swimmer 2), (mertail)
a: Renounce Religion, Recite, Vitalisation, Donate Gold


You were on level 7 of the Dungeon.
You worshipped Zin.
Zin was pleased with you.
You were a bat.
You visited 2 branches of the dungeon, and saw 9 of its levels.

You collected 294 gold pieces.
You donated 29 gold pieces to Zin.

Inventory:

Hand Weapons
 a - a +0 trident of flaming (melded)
 p - a +4 trident
Missiles
 d - 2 throwing nets (quivered)
Armour
 f - +0 steam dragon scales (melded)
 h - a +0 cloak (melded)
 n - a +1 helmet (melded)
 v - a +1 pair of boots (melded)
 y - a +0 pair of gloves (melded)
Jewellery
 j - an amulet of regeneration (around neck)
 F - a ring of poison resistance
Wands
 o - a wand of charming (13)
 s - a wand of iceblast (20)
 x - a wand of digging (4)
 B - a wand of acid (7)
 C - a wand of paralysis (11)
Scrolls
 c - 2 scrolls of blinking
 i - a scroll of fear
 k - 2 scrolls of amnesia
 r - 3 scrolls of teleportation
 t - a scroll of silence
 w - 3 scrolls of fog
Potions
 b - 3 potions of cancellation
 e - 4 potions of heal wounds {unknown}
 g - a potion of haste
 l - 2 potions of brilliance
 m - a potion of curing
 q - a potion of berserk rage
 u - 2 potions of mutation {unknown}
 z - a potion of might {unknown}
 A - a potion of lignification {unknown}
 D - a potion of magic {unknown}
 E - a potion of flight {unknown}


   Skills:
 + Level 7.6 Fighting
 + Level 10.5 Polearms
 - Level 2.0 Throwing
 + Level 5.0 Armour
 + Level 9.7 Dodging


You had 8 spell levels left.
You didn't know any spells.
Your spell library contained the following spells:

 Spells                   Type           Power      Damage    Failure   Level
 Beastly Appendage        Tmut           0%         N/A       43%         1
 Blink                    Tloc           N/A        N/A       56%         2
 Wereblood                Tmut           0%         N/A       56%         2
 Call Canine Familiar     Summ           0%         N/A       80%         3
 Ignite Poison            Fire/Tmut/Pois 0%         N/A       80%         3
 Lesser Beckoning         Tloc           0%         N/A       80%         3
 Mephitic Cloud           Conj/Pois/Air  0%         N/A       80%         3
 Portal Projectile        Hex/Tloc       0%         N/A       80%         3
 Spider Form              Tmut/Pois      0%         N/A       80%         3
 Leda's Liquefaction      Hex/Erth       0%         N/A       99%         4
 Bolt of Magma            Conj/Fire/Erth 0%         4d4       100%        5
 Manifold Assault         Tloc           0%         N/A       100%        5
 Summon Cactus Giant      Summ           0%         N/A       100%        5
 Summon Forest            Summ/Tloc      0%         N/A       100%        5
 Summon Mana Viper        Hex/Summ       0%         N/A       100%        5


Dungeon Overview and Level Annotations

Branches:
Dungeon (8/15)             Temple (1/1) D:5
   Lair: D:8-11

Altars:
Ashenzari
Cheibriados
Dithmenos
Fedhas
Gozag
Hepliaklqana
Kikubaaqudgha
Makhleb
Nemelex Xobeh
Okawaru
Qazlal
Ru
Sif Muna
Trog
Uskayaw
Wu Jian
Xom
Yredelemnul
Zin

Shops:
D:3 (

Annotations:
D:7 Erica, Pikel


Innate Abilities, Weirdness & Mutations

You are a bat.
You are tiny and dextrous.
You move quickly.
You are flying.
Your equipment is almost entirely melded.
You are incapable of wielding weapons or throwing items.
You cannot cast spells.
((You are quick and stealthy near water. (Stealth+, EV+, Speed+++)))
((Your lower body shifts to a powerful aquatic tail in water.))


Message History

Your +0 trident of flaming stops flaming.
Pikel completely misses you.
You bump into the rock wall.
You feel less confused. The lemure completely misses you. Something hits you!
Something burns you! Pikel closely misses you.
Unknown command.
You hit Pikel but do no damage. The lemure completely misses you.
Something hits you! Something burns you.
You hit Pikel but do no damage. Pikel barely misses you. The lemure misses you.
Something completely misses you.
Unknown command.
You hit Pikel.
Pikel is lightly wounded.
Pikel hits you with a +0 whip of flaming!
Pikel burns you. The lemure completely misses you.
Unknown command.
You hit Pikel.
Pikel is lightly wounded.
You hear a zap.
Something tries to affect you, but you resist.
Pikel misses you. The lemure misses you.
You hit Pikel.
Pikel is lightly wounded.
You hear a zap.
Something tries to affect you, but you resist.
Pikel hits you with a +0 whip of flaming!
* * * LOW HITPOINT WARNING * * *
Pikel burns you.
* * * LOW HITPOINT WARNING * * *
You hit Pikel but do no damage.
Pikel is lightly wounded.
The lemure completely misses you. Something barely misses you.
Pikel misses you.
You hit Pikel but do no damage.
Pikel is lightly wounded.
The lemure hits you.
* * * LOW HITPOINT WARNING * * *
Something hits you!!
You die...

..........##.####.#
...######.##.# #.#
##.######.##.# #.#
.......##.##.# ##.##
#..###.##.##.# #...#
#.#.##.##.##.###.#.#########
#.####.##.##.#...#.........#
...8##.##......#####..####.#
.....####..#.#.5b#....<###.#
._...8#........K{#...#.....#
.....##....###.#...#...##..#
...8##.........#.####.###..#
#8###......#####.####.###..####
### ##..##.# #.#............#
#.####..##.#####.#.##.###..##.#
#...>#..##............# #..##.#
####.#..##............# #..##.#


You could see Pikel and a lemure.

Vanquished Creatures
  Psyche (D:8)
  A wyvern (D:6)
  A steam dragon (D:3)
  A water moccasin (D:4)
  An ice beast (D:7)
  A necrophage (D:6)
  2 ogres (D:5)
  3 sky beasts
  2 centaurs
  2 lemures (D:8)
  2 kobold brigands
  2 bullfrogs
  2 scorpions
  A wyvern skeleton (D:5)
  A water moccasin skeleton (D:4)
  4 killer bees (D:6)
  8 wights
  2 jellies
  A centaur zombie (D:6)
  A hound (D:5)
  2 orc priests (D:5)
  A bullfrog skeleton (D:7)
  Crazy Yiuf (D:2)
  4 iguanas
  Terence (D:2)
  3 orc wizards (D:5)
  A killer bee zombie (D:6)
  Robin (D:2)
  4 adders
  7 gnolls
  A shadow imp (D:7)
  A worm (D:4)
  2 dart slugs (D:3)
  14 orcs
  6 ball pythons
  5 endoplasms
  2 giant cockroaches (D:4)
  11 hobgoblins
  2 jackals
  2 quokkas
  3 bats
  4 frilled lizards
  10 goblins
  18 kobolds
  5 rats
150 creatures vanquished.

Vanquished Creatures (others)
  A giant cockroach (D:3)
  A jackal (D:3)
  23 fungi (D:6)
25 creatures vanquished.

Grand Total: 175 creatures vanquished

Notes
Turn   | Place    | Note
-------+----------+-------------------------------------------
     0 | D:1      | Demosthentine the Merfolk Gladiator began the quest for the
                  | Orb.
     0 | D:1      | Reached XP level 1. HP: 16/16 MP: 1/1
   257 | D:1      | Reached XP level 2. HP: 11/23 MP: 2/2
  1083 | D:2      | Reached XP level 3. HP: 28/28 MP: 3/3
  1119 | D:2      | Noticed Terence
  1128 | D:2      | Killed Terence
  1129 | D:2      | Reached skill level 5 in Polearms
  1129 | D:2      | Reached skill level 1 in Armour
  1397 | D:2      | Reached XP level 4. HP: 27/34 MP: 4/4
  1612 | D:2      | Noticed Robin
  1949 | D:2      | Killed Robin
  1953 | D:2      | Reached skill level 5 in Dodging
  2317 | D:2      | Found a runed translucent door.
  2318 | D:2      | Noticed Crazy Yiuf
  2518 | D:2      | Killed Crazy Yiuf
  2519 | D:2      | Reached XP level 5. HP: 41/41 MP: 5/5
  2574 | D:3      | Found Iraosk's Weapon Emporium.
  2650 | D:3      | Noticed a steam dragon
  2731 | D:3      | Killed a steam dragon
  2732 | D:3      | Reached skill level 6 in Polearms
  2732 | D:3      | Reached XP level 6. HP: 27/48 MP: 6/6
  2883 | D:3      | Found a faded altar of an unknown god.
  3226 | D:4      | Noticed a water moccasin
  3242 | D:4      | Killed a water moccasin
  3243 | D:4      | Reached XP level 7. HP: 33/55 MP: 7/7
  3281 | D:4      | You fall into a shaft and drop 3 floors!
  3432 | D:6      | Reached skill level 7 in Polearms
  3547 | D:6      | Reached skill level 5 in Fighting
  3555 | D:5      | Entered Level 5 of the Dungeon
  3578 | D:5      | Reached XP level 8. HP: 54/62 MP: 8/8
  3670 | D:5      | Reached skill level 8 in Polearms
  3917 | D:4      | Found a hide-covered altar of Uskayaw.
  4722 | D:5      | Reached skill level 9 in Polearms
  4889 | D:5      | Found a staircase to the Ecumenical Temple.
  5046 | Temple   | Entered the Ecumenical Temple
  5228 | Temple   | Became a worshipper of Zin the Law-Giver
  5228 | Temple   | Reached * piety under Zin
  5270 | D:5      | Reached XP level 9. HP: 70/70 MP: 9/9
  5687 | D:6      | Found a bloodstained altar of Trog.
  5687 | D:6      | Identified the +0 leather armour of Dice, Bag, and Bottle
                  | {Str+2}
  6175 | D:7      | Reached ** piety under Zin
  6240 | D:7      | Reached skill level 10 in Polearms
  6513 | D:7      | Found an ornate altar of the Wu Jian Council.
  6563 | D:7      | Found a burning altar of Makhleb.
  6809 | D:8      | Noticed Psyche
  6824 | D:8      | Killed Psyche
  6877 | D:8      | Reached skill level 5 in Armour
  6911 | D:8      | Found an iron altar of Okawaru.
  6918 | D:8      | Noticed Pikel
  6919 | D:8      | Noticed Erica
  6961 | D:7      | Slain by Erica

Illustrated notes

Levels and vault maps discovered:
D:1:      kennysheep_arrival_forest, layout_loops_ring, minmay_pentomino_r4
D:2:      layout_loops_ring, uniq_terence, uniq_robin, uniq_crazy_yiuf_cottage
D:3:      layout_rooms, shapermc_ecumenical_altar_ellora, serial_shops,
          nicolae_shop_stone
D:4:      layout_cave_pods, nicolae_uskayaw_dance_hall
D:5:      layout_basic, minmay_temple_entry_glassed_door, st_stairs_5
D:6:      layout_rooms, nicolae_overflow_crystal_walls, serial_aquarium,
          aquarium_bridge_long_joined [aquarium_subvault_wall,
          aquarium_subvault_wall, aquarium_subvault_bridge,
          aquarium_subvault_window, aquarium_subvault_window,
          aquarium_subvault_bridge], aquarium_bridge_straight
          [aquarium_subvault_bridge, aquarium_subvault_balcony,
          aquarium_subvault_bridge, aquarium_subvault_wall], aquarium_window_2,
          aquarium_window_1, aquarium_window_corridor_2, aquarium_window_fake,
          aquarium_view_2b, aquarium_view_2d
D:7:      layout_loops_ring, kennysheep_little_box, nzn_wu_jian_council_hall
D:8:      layout_cave_pools, mainiacjoe_overflow_catwalk, kennysheep_mini_moat,
          okawaru_ov_weapons_minmay, minmay_misc_feat_doors, uniq_erica,
          uniq_maggie, uniq_psyche, uniq_pikel
Temple:   eino_narrow_crystal_temple

Skill      XL: |  1  2  3  4  5  6  7  8  9 |
---------------+----------------------------+-----
Polearms       | 5 6 7 9 10 | 10.5
Armour         | 1 2 3 4 5 |  5.0
Fighting       | 3 4 5 6 7 |  7.6
Dodging        | 5 6 7 8 9 |  9.7
Throwing       | |  2.0

Action                   |  1- 3 |  4- 6 |  7- 9 || total
-------------------------+-------+-------+-------++-------
Melee: Trident           |    68 |   164 |   430 ||   662
       Unarmed           |       |       |     7 ||     7
Throw: Throwing net      |       |     5 |       ||     5
  Use: Scroll            |     2 |     8 |     6 ||    16
 Stab: Sleeping          |     3 |       |     5 ||     8
       Held in net/web   |       |     2 |       ||     2
Armor: Leather armour    |     7 |    28 |       ||    35
       Steam dragon scal |       |     8 |    85 ||    93
       Skin              |       |       |    12 ||    12
Dodge: Dodged            |    24 |    99 |   257 ||   380

Table legend: (Time is in decaauts)
 A = Elapsed time spent in this place.
 B = Non-inter-level travel time spent in this place.
 C = Inter-level travel time spent in this place.
 D = Time resting spent in this place.
 E = Time spent auto-exploring this place.
 F = Levels seen in this place.
 G = Mean time per level.
                   A        B        C        D        E       F      G
               +--------+--------+--------+--------+--------+-----+--------+
         Total |   6906 |   6662 |    244 |    324 |   5036 |   9 |  767.3 |
       Dungeon |   6715 |   6472 |    243 |    324 |   4880 |   8 |  839.4 |
        Temple |    190 |    190 |      0 |      0 |    156 |   1 |  190.0 |
               +--------+--------+--------+--------+--------+-----+--------+

Top non-repeatable levels by time:
     D:2: 1309 daAuts
     D:1: 1300 daAuts
     D:5: 928 daAuts
     D:4: 887 daAuts
     D:7: 836 daAuts
     D:6: 751 daAuts
     D:3: 564 daAuts
  Temple: 190 daAuts
     D:8: 136 daAuts
